 Dungeon Crawl Stone Soup version 0.19.0-2-gae57169 (webtiles) character file.

1622 MovingMist the Cudgeler (level 8, 0/48 HPs)
             Began as a Gargoyle Fighter on Nov 6, 2016.
             Was a Believer of Okawaru.
             Slain by a phantom (4 damage)
             ... on level 6 of the Dungeon.
             The game lasted 00:14:32 (4524 turns).

MovingMist the Cudgeler (Gargoyle Fighter)          Turns: 4524, Time: 00:14:32

Health: 0/48       AC: 19    Str: 21    XL:     8   Next: 96%
Magic:  7/8        EV:  8    Int:  9    God:    Okawaru [**....]
Gold:   197        SH: 10    Dex: 10    Spells: 0 memorised, 7 levels left

rFire  . . .     SeeInvis .     a - +0 flail
rCold  . . .     Gourm    .     y - +0 chain mail (curse)
rNeg   + . .     Faith    .     c - +0 shield
rPois  ∞         Spirit   .     (no helmet)
rElec  +         Reflect  .     (no cloak)
rCorr  .         Harm     .     p - +0 pair of gloves
MR     +....                    b - +1 pair of boots
Stlth  ..........               (no amulet)
                                (no ring)
                                m - ring of protection from magic

@: no status effects
A: repulsion field 1, negative energy resistance 1, electricity resistance,
unbreathing, petrification resistance, rot immunity, AC +5
a: Heroism, Renounce Religion


You were on level 6 of the Dungeon.
You worshipped Okawaru.
Okawaru was pleased with you.
You were not hungry.

You visited 2 branches of the dungeon, and saw 7 of its levels.

You collected 197 gold pieces.

Inventory:

Hand Weapons
 a - a +0 flail (weapon)
Missiles
 n - 2 throwing nets (quivered)
Armour
 b - a +1 pair of boots (worn)
 c - a +0 shield (worn)
 p - a +0 pair of gloves (worn)
 y - a cursed +0 chain mail (worn)
Jewellery
 m - a ring of protection from magic (left hand)
 G - an uncursed ring of wizardry {unknown}
Wands
 A - a wand of polymorph (11/24)
 B - a wand of digging (9/24)
Scrolls
 h - 3 scrolls of identify {unknown}
 j - a scroll of magic mapping {unknown}
 k - 3 scrolls of remove curse {unknown}
 l - 5 scrolls of teleportation {unknown}
 o - a scroll of recharging {unknown}
 q - a scroll of enchant weapon {unknown}
 t - 2 scrolls of random uselessness {unknown}
 u - a scroll of noise {unknown}
 v - a scroll of blinking {unknown}
 D - a scroll of fog {unknown}
 E - a scroll of immolation {unknown}
Potions
 d - 3 potions of might
 e - a potion of flight {unknown}
 g - a potion of resistance {unknown}
 i - 4 potions of curing {unknown}
 r - 3 potions of brilliance {unknown}
 s - a potion of lignification {unknown}
 C - a potion of cure mutation {unknown}
 F - a potion of haste {unknown}
Comestibles
 f - 3 bread rations
 w - 3 beef jerkies
 z - 3 fruits


   Skills:
 - Level 4.8 Fighting
 * Level 7.5 Maces & Flails
 + Level 6.6 Armour
 - Level 1.0 Dodging
 + Level 6.6 Shields


You had 7 spell levels left.
You didn't know any spells.

Dungeon Overview and Level Annotations

Branches:
Dungeon (6/15)             Temple (1/1) D:4

Altars:
Ashenzari
Dithmenos
Elyvilon
Hepliaklqana
Okawaru


Innate Abilities, Weirdness & Mutations

You are resistant to torment.
Your stone body is resilient. (AC +5)
You are immune to poison.
You resist negative energy. (rN+)
You are resistant to electric shocks. (rElec)
You can survive without breathing.
You are immune to petrification.
You are immune to rotting.
You are surrounded by a mild repulsion field. (EV +2)


Message History

Okawaru accepts your kill.
You miss the phantom. You block the phantom's attack.
You completely miss the phantom. The phantom barely misses you.
You sock the phantom!
The phantom is lightly damaged.
You completely miss the phantom.
The phantom is lightly damaged.
You feel like a meek peon again.
The phantom hits you but does no damage.
You sock the phantom!
The phantom is heavily damaged.
The phantom hits you.
* * * LOW HITPOINT WARNING * * *
You hit the phantom.
The phantom is heavily damaged.
You block the phantom's attack.
You hit the phantom but do no damage.
The phantom is heavily damaged.
The phantom hits you.
You die...

##.## #.. #..# ### ##.##
# ####.## #....# #..^.#
#....# #....# ####
##@#.## ...#######
####W####
.........###..÷.#
................#
................##
...).............######..
..................)......
..................o......
.......................##


You could see a phantom.

Vanquished Creatures
  Grinder (D:5)
  A wyvern (D:6)
  An orc warrior (D:6)
  A sky beast (D:5)
  A black bear (D:5)
  2 ogres
  A big kobold (D:4)
  A water moccasin zombie (D:6)
  5 scorpions
  A howler monkey (D:5)
  A hound (D:4)
  4 orc wizards (D:4)
  A centaur skeleton (D:4)
  2 worker ants (D:5)
  7 adders
  A shadow imp (D:5)
  6 worms
  4 dart slugs
  3 leopard geckos
  20 orcs
  4 bats
  5 giant cockroaches
  8 goblins
  8 hobgoblins
  3 jackals
  7 quokkas
  4 frilled lizards
  5 kobolds
  9 rats
117 creatures vanquished.

Vanquished Creatures (others)
  A jackal (D:4)
1 creature vanquished.

Grand Total: 118 creatures vanquished

Notes
Turn   | Place    | Note
-------+----------+-------------------------------------------
     0 | D:1      | MovingMist the Gargoyle Fighter began the quest for the Orb.
     0 | D:1      | Reached XP level 1. HP: 14/14 MP: 1/1
   123 | D:1      | Reached XP level 2. HP: 19/19 MP: 2/2
   649 | D:1      | Reached XP level 3. HP: 23/23 MP: 3/3
   860 | D:2      | Reached skill level 1 in Dodging
  1028 | D:2      | Reached skill level 3 in Maces & Flails
  1113 | D:2      | Found a shattered altar of Ashenzari.
  1279 | D:2      | Reached XP level 4. HP: 29/29 MP: 4/4
  1930 | D:3      | Reached XP level 5. HP: 29/33 MP: 5/5
  2040 | D:3      | Found a shadowy altar of Dithmenos.
  2066 | D:3      | You fall through a shaft!
  2101 | D:4      | Found a staircase to the Ecumenical Temple.
  2111 | Temple   | Entered the Ecumenical Temple
  2148 | Temple   | Became a worshipper of Warmaster Okawaru
  2225 | D:4      | Reached skill level 4 in Maces & Flails
  2263 | D:4      | Reached XP level 6. HP: 27/38 MP: 6/6
  2311 | D:4      | Reached * piety under Okawaru
  2671 | D:4      | Reached XP level 7. HP: 44/44 MP: 7/7
  2882 | D:4      | Reached skill level 5 in Maces & Flails
  2882 | D:4      | Reached skill level 5 in Shields
  3402 | D:5      | Entered Level 5 of the Dungeon
  3441 | D:5      | Reached skill level 5 in Armour
  3626 | D:5      | Reached ** piety under Okawaru
  3645 | D:5      | Noticed Grinder
  3654 | D:5      | Reached XP level 8. HP: 43/48 MP: 8/8
  3661 | D:5      | Paralysed by Grinder for 7 turns
  3677 | D:5      | Killed Grinder
  3677 | D:5      | Reached skill level 6 in Maces & Flails
  3697 | D:5      | Gained mutation: You are surrounded by a mild repulsion field. (EV +2) [mutagenic meat]
  4373 | D:6      | Noticed a wyvern
  4383 | D:6      | Killed a wyvern
  4383 | D:6      | Reached skill level 7 in Maces & Flails
  4524 | D:6      | Slain by a phantom

Skill      XL: |  1  2  3  4  5  6  7  8 |
---------------+-------------------------+-----
Dodging        | 1 |  1.0
Maces & Flails | 3 4 5 7 |  7.5
Shields        | 4 5 6 |  6.6
Fighting       | 4 |  4.8
Armour         | 4 5 6 |  6.6

Action                   |  1- 3 |  4- 6 |  7- 9 || total
-------------------------+-------+-------+-------++-------
Melee: Flail             |   150 |   203 |   275 ||   628
Invok: Heroism           |       |       |     1 ||     1
  Eat: Chunk             |     1 |     5 |     8 ||    14
Armor: Scale mail        |    69 |    97 |    48 ||   214
       Chain mail        |       |       |    82 ||    82
Dodge: Dodged            |    46 |    53 |    81 ||   180
Block: Shield            |    76 |   103 |   158 ||   337
